 Dungeon Crawl Stone Soup version 0.29.1-12-g30fa7ad0bf (webtiles) character file.

Game seed: 15315603728983317516

450 Oxelix the Cleaver (level 6, 0/55 HPs)
             Began as a Minotaur Berserker on Jan 4, 2023.
             Was a Priest of Trog.
             Slain by a gnoll
             ... wielding a +0 spear
              (2 damage)
             ... on level 4 of the Dungeon.
             The game lasted 00:08:05 (3755 turns).

Oxelix the Cleaver (Minotaur Berserker)             Turns: 3755, Time: 00:08:05

Health: 0/55       AC:  8    Str: 24    XL:     6   Next: 74%
Magic:  5/5        EV:  8    Int:  4    God:    Trog [***...]
Gold:   53         SH:  0    Dex:  9    Spells: 5/5 levels left

rFire   . . .      SeeInvis .   y - +0 broad axe
rCold   . . .      Faith    +   (no shield)
rNeg    . . .      Spirit   .   h - +0 chain mail
rPois   +          Reflect  .   (helmet restricted)
rElec   .          Harm     .   (no cloak)
rCorr   .          Rampage  .   (no gloves)
Will    .....                   (no boots)
Stlth   ..........              l - amulet of faith
HPRegen 0.18/turn               i - ring of poison resistance
MPRegen 0.09/turn               u - ring of flight

@: attractive, flying
A: horns 2, retaliatory headbutt
a: Renounce Religion, Berserk, Trog's Hand


You were on level 4 of the Dungeon.
You worshipped Trog.
Trog was most pleased with you.
You visited 1 branch of the dungeon, and saw 4 of its levels.

You collected 145 gold pieces.
You spent 92 gold pieces at shops.

Inventory:

Hand Weapons
 v - a +0 war axe
 y - a +0 broad axe (weapon)
Missiles
 d - 2 javelins (quivered)
Armour
 h - a +0 chain mail (worn)
Jewellery
 g - an amulet of reflection
 i - a ring of poison resistance (left hand)
 l - an amulet of faith (around neck)
 t - a ring of magical power
 u - a ring of flight (right hand)
Wands
 r - a wand of quicksilver (5)
Scrolls
 a - 3 scrolls of fear {unknown}
 b - a scroll of silence {unknown}
 e - 2 scrolls of identify {unknown}
 j - 3 scrolls of immolation {unknown}
 k - a scroll of enchant weapon {unknown}
 q - 2 scrolls of enchant armour {unknown}
 s - a scroll of magic mapping {unknown}
 w - a scroll of butterflies {unknown}
 x - a scroll of noise {unknown}
Potions
 c - 2 potions of attraction
 f - a potion of haste {unknown}
 m - a potion of invisibility {unknown}
 n - a potion of mutation {unknown}
 o - a potion of brilliance {unknown}
 p - a potion of heal wounds {unknown}


   Skills:
 + Level 4.8 Fighting
 * Level 8.7 Axes
 - Level 2.4 Armour
 - Level 2.1 Dodging


You had 5 spell levels left.
You didn't know any spells.
Your spell library was empty.

Dungeon Overview and Level Annotations

Branches:
Dungeon (4/15)
 Temple: D:4-7

Altars:
Kikubaaqudgha

Shops:
D:1 :   D:4 (*


Innate Abilities, Weirdness & Mutations

You have a pair of horns on your head.
You reflexively headbutt those who attack you in melee.


Message History

There is an entrance to Ighogi's Assorted Antiques here.
y - a +0 broad axe Thank you for shopping at Ighogi's Assorted Antiques!
Okay, then.
y - a +0 broad axe (weapon)
A gnoll comes into view. It is wielding a +0 club.
The gnoll shouts!
A gnoll comes into view. It is wielding a +0 halberd.
The gnoll shouts!
You hear a shout!
A gnoll comes into view. It is wielding a +0 spear.
A gnoll comes into view. It is wielding a +0 club.
The gnoll shouts!
The gnoll hits you but does no damage.
You closely miss the gnoll. Your punch misses the gnoll.
The gnoll hits you with a +0 club!
The gnoll hits you from afar with a +0 halberd!
The gnoll hits you with a +0 club.
The gnoll hits you from afar with a +0 spear.
The gnoll hits you from afar with a +0 halberd.
You barely miss the gnoll. The gnoll closely misses you.
The gnoll hits you from afar with a +0 spear.
The gnoll hits you from afar with a +0 halberd.
You hit the gnoll but do no damage. Your headbutt misses the gnoll.
The gnoll hits you with a +0 club.
The gnoll hits you from afar with a +0 spear.
* * * LOW HITPOINT WARNING * * *
The gnoll hits you from afar with a +0 halberd.
* * * LOW HITPOINT WARNING * * *
You hit the gnoll. You headbutt the gnoll!
The gnoll is almost dead.
The gnoll barely misses you.
The gnoll hits you from afar with a +0 spear.
* * * LOW HITPOINT WARNING * * *
The gnoll hits you from afar with a +0 halberd.
* * * LOW HITPOINT WARNING * * *
It was a potion of attraction.
You feel attractive to monsters. The gnoll hits you but does no damage.
The gnoll hits you from afar with a +0 spear.
You die...

...# ##.# #.# ...#. #..#
#.# ... #..###.#
.....#.##......######.#
##.#..#...∩...#.........
......#....##....#####.#
.......##..##...........
#.....###...####.#.###.#
#.....#..##.# #@#.#
............## #g.......
...............gg#.###.#
......#.........g....
......#..##.####.. ###
#####.#....... ....
.........##.####...
#####......... ....#
))†...........


You could see 4 gnolls.

Vanquished Creatures
  A phantom (D:4)
  2 vampire bats (D:3)
  A hound (D:4)
  Crazy Yiuf (D:3)
  2 orc wizards (D:3)
  8 adders
  A worm (D:3)
  2 dart slugs (D:3)
  15 orcs
  3 bats
  2 bat skeletons (D:3)
  3 bat zombies (D:3)
  6 endoplasms
  3 giant cockroaches
  7 hobgoblins
  5 jackals
  2 quokkas
  7 ball pythons
  4 frilled lizards (D:1)
  11 goblins
  6 kobolds
  6 rats
98 creatures vanquished.

Notes
Turn   | Place    | Note
-------+----------+-------------------------------------------
     0 | D:1      | Oxelix the Minotaur Berserker began the quest for the Orb.
     0 | D:1      | Reached XP level 1. HP: 19/19 MP: 0/0
    81 | D:1      | Found a faded altar of an unknown god.
   232 | D:1      | Reached skill level 4 in Axes
   491 | D:1      | Reached XP level 2. HP: 14/26 MP: 1/1
   668 | D:1      | Found Qisafem's Book Shop.
  1237 | D:2      | Reached skill level 5 in Axes
  1237 | D:2      | Reached XP level 3. HP: 31/31 MP: 2/2
  1382 | D:2      | Reached ** piety under Trog
  2086 | D:3      | Found a runed translucent door.
  2087 | D:3      | Noticed Crazy Yiuf
  2184 | D:3      | Reached XP level 4. HP: 33/39 MP: 3/3
  2187 | D:3      | Reached skill level 6 in Axes
  2461 | D:3      | Found an ancient bone altar of Kikubaaqudgha.
  2466 | D:3      | Reached skill level 7 in Axes
  2466 | D:3      | Reached XP level 5. HP: 45/45 MP: 4/4
  2676 | D:3      | Reached *** piety under Trog
  3028 | D:3      | Reached XP level 6. HP: 45/52 MP: 5/5
  3305 | D:3      | Killed Crazy Yiuf
  3306 | D:3      | Reached skill level 8 in Axes
  3616 | D:4      | Found Zoxaekap's Weapon Shop.
  3731 | D:4      | Found Ighogi's Assorted Antiques.
  3737 | D:4      | Bought a broad axe for 92 gold pieces
  3754 | D:4      | HP: 2/55 [gnoll/+0 halberd (4)]
  3755 | D:4      | Slain by a gnoll

Illustrated notes

Levels and vault maps discovered:
D:1:      dpeg_arrival_concentric_ovals, layout_basic,
          shapermc_ecumenical_altar_petra, serial_shops,
          nicolae_shop_hallway_plus, minmay_misc_feat_enclosed
D:2:      layout_loops_corners
D:3:      kennysheep_the_goblin_king, layout_basic, kennysheep_vampire_church,
          st_stairs_12, minmay_fractal_squares_gapless_5,
          uniq_crazy_yiuf_cottage
D:4:      layout_basic, serial_shops, nicolae_shop_behind_doors,
          nicolae_shop_bloodbath_and_beyond, nicolae_square_shop,
          nicolae_shop_trees, chequers_serial_rivers_small_a

Skill      XL: |  1  2  3  4  5  6 |
---------------+-------------------+-----
Axes           | 4 5 7 8 |  8.7
Fighting       | 4 |  4.8
Armour         | |  2.4
Dodging        | |  2.1

Action                   |  1- 3 |  4- 6 || total
-------------------------+-------+-------++-------
Melee: Hand axe          |    68 |    58 ||   126
       Headbutt          |     7 |    18 ||    25
       War axe           |       |    58 ||    58
       Punch             |       |     3 ||     3
       Broad axe         |       |     4 ||     4
Throw: Javelin           |       |     1 ||     1
Invok: Berserk           |       |     2 ||     2
  Use: Potion            |       |     1 ||     1
Armor: Animal skin       |    12 |       ||    12
       Chain mail        |     8 |    60 ||    68
Dodge: Dodged            |    36 |    45 ||    81
Block: Other             |     9 |    10 ||    19
